 Dungeon Crawl Stone Soup version 0.23.0 (webtiles) character file.

Game seed: 16887146427384812698

8226 grindst0ne the Fighter (level 11, -1/133 HPs)
             Began as a Gnoll Wanderer on Feb 9, 2019.
             Was a Priest of Cheibriados.
             Slain by Snorg (5 damage)
             ... on level 10 of the Dungeon.
             The game lasted 00:37:54 (9950 turns).

grindst0ne the Fighter (Gnoll Wanderer)             Turns: 9950, Time: 00:37:55

Health: -1/133     AC: 25    Str: 33    XL:     11   Next: 27%
Magic:  0/23       EV:  2    Int: 22    God:    Cheibriados [***...]
Gold:   293        SH:  0    Dex: 25    Spells: 22/26 levels left

rFire    . . .     SeeInvis .   a - +0 dagger (venom)
rCold    + . .     Gourm    .   (no shield)
rNeg     + + +     Faith    .   (armour currently unavailable)
rPois    +         Spirit   +   (helmet currently unavailable)
rElec    .         Reflect  .   (cloak currently unavailable)
rCorr    .         Harm     .   (gloves currently unavailable)
MR       .....     NoTele   +   (boots currently unavailable)
Stlth    ++++......             m - amulet of guardian spirit
HPRegen  1.32/turn              j - ring of protection from cold
MPRegen  0.18/turn              p - +4 ring of strength

@: mighty, tree-form, regenerating (expiring), lightly drained, very slow
A: distributed training, blurry vision 1, strong nose
a: Bend Time, Temporal Distortion, Renounce Religion


You were on level 10 of the Dungeon.
You worshipped Cheibriados.
Cheibriados was most pleased with you.
You were near starving.
You were a tree.
You visited 1 branch of the dungeon, and saw 10 of its levels.

You collected 586 gold pieces.
You spent 293 gold pieces at shops.

Inventory:

Hand Weapons
 a - a +0 dagger of venom (weapon)
 b - a +3 shortbow
 h - a +0 blowgun
 l - a +0 short sword of holy wrath
 I - the +4 long sword of the Lame Duck {speed, +Inv Str+6}
   (You found it on level 10 of the Dungeon)

   Attacks with this weapon are significantly faster.
   It affects your strength (+6).
   It lets you turn invisible.
   Cheibriados disapproves of the use of such an item.
Missiles
 o - 25 poisoned needles
 r - 260 arrows
Armour
 s - a +0 pair of gloves (melded)
 z - the +4 robe of Augmentation (melded) {Str+4 Int+4 Dex+4}
   (You found it on level 7 of the Dungeon)

   It affects your strength (+4).
   It affects your intelligence (+4).
   It affects your dexterity (+4).
 C - +0 steam dragon scales
 G - a +1 cloak of invisibility (melded)
 H - a +0 large shield
Jewellery
 e - an uncursed ring of protection from fire
 j - a ring of protection from cold (left branch)
 m - an amulet of guardian spirit (around neck)
 p - a +4 ring of strength (right branch)
 x - an uncursed ring of see invisible
Wands
 d - a wand of flame (11)
 w - a wand of polymorph (3)
 B - a wand of disintegration (1)
Scrolls
 g - a scroll of holy word
 n - 4 scrolls of remove curse
 q - a scroll of magic mapping
 t - 2 scrolls of enchant armour
 u - 2 scrolls of enchant weapon
 y - 5 scrolls of teleportation
 F - 2 scrolls of amnesia
Potions
 k - 3 potions of magic
Comestibles
 f - 19 rations


   Skills:
 + Level 9.3(9.0) Fighting
 + Level 6.4(6.2) Short Blades
 + Level 6.4(6.2) Long Blades
 + Level 6.4(6.2) Axes
 + Level 6.4(6.2) Maces & Flails
 + Level 6.4(6.2) Polearms
 + Level 6.4(6.2) Staves
 + Level 6.4(6.2) Slings
 + Level 7.0(6.7) Bows
 + Level 6.4(6.2) Crossbows
 + Level 6.4(6.2) Throwing
 + Level 7.0(6.7) Armour
 + Level 6.4(6.2) Dodging
 + Level 6.9(6.6) Stealth
 + Level 7.0(6.7) Shields
 + Level 6.4(6.2) Unarmed Combat
 + Level 8.3(8.0) Spellcasting
 + Level 5.3(5.1) Conjurations
 + Level 5.3(5.1) Hexes
 + Level 5.3(5.1) Charms
 + Level 5.3(5.1) Summonings
 + Level 5.8(5.5) Necromancy
 + Level 5.3(5.1) Translocations
 + Level 5.3(5.1) Transmutations
 + Level 5.3(5.1) Fire Magic
 + Level 5.3(5.1) Ice Magic
 + Level 5.3(5.1) Air Magic
 + Level 5.3(5.1) Earth Magic
 + Level 5.3(5.1) Poison Magic
 + Level 7.1(6.8) Invocations
 + Level 6.4(6.2) Evocations


You had 22 spell levels left.
You knew the following spells:

 Your Spells              Type           Power        Failure   Level  Hunger
a - Animate Skeleton      Necr           N/A          1%          1    None
b - Regeneration          Chrm/Necr      ####......   2%          3    None

Your spell library contained the following spells:

 Spells                   Type           Power        Failure   Level  Hunger
 Pain                     Necr           ####         1%          1    None
 Vampiric Draining        Necr           ####......   2%          3    None
 Animate Dead             Necr           N/A          8%          4    ###....


Dungeon Overview and Level Annotations

Branches:
Dungeon (10/15)            Temple (0/1) D:4             Orc (0/2) D:9
   Lair: D:8-11

Altars:
Ashenzari
Cheibriados
Dithmenos
Elyvilon
Fedhas
Gozag
Makhleb
Nemelex Xobeh
Sif Muna
Trog
Wu Jian
Xom
Yredelemnul
The Shining One

Shops:
D:4 ?}*   D:9 =}

Annotations:
D:7 exclusion: downstairs
D:8 exclusion: 2 oklob plants
D:10 Snorg


Innate Abilities, Weirdness & Mutations

Your experience applies equally to all skills.
((You have very sharp teeth.))
Your uncanny sense of smell can sniff out nearby items.
((You have large cloven feet.))
((You have a pair of small horns on your head.))
Scrolls take you a little longer to read.
((You are occasionally teleported next to monsters.))


Message History

Snorg is blasted!
Snorg bites you but does no damage. Snorg claws you!
* * * LOW HITPOINT WARNING * * *
Snorg barely misses you. Snorg bites you but does no damage.
Snorg claws you but does no damage. x2
It was a potion of mutation.
You feel extremely strange.
You feel weirdly uncertain.
Your feet thicken and deform.
Your vision blurs.
A pair of horns grows on your head! Snorg bites you but does no damage.
Snorg claws you but does no damage. Snorg claws you!
* * * LOW HITPOINT WARNING * * *
Evoke which item? (* to show all) (? for menu, Esc to quit)
Aiming: Disintegrate
Press: ? - help, Shift-Dir - straight line, f/p - Snorg
Aim: Snorg (heavily wounded, berserk, fast, unusually strong, poisoned, chance to defeat MR: 55%) Snorg resists with significant effort.
Your skin is crawling a little less now.
Snorg bites you!
* * * LOW HITPOINT WARNING * * *
Snorg claws you.
You die...

#....##..#.###..#.....#...#
#....##....##.....###...###
#.............##..# #####
#....##...######..#
#....##.#.........#
######..#.#####....
##..#..# ..# #[..##.######
.. ###..###.♣T.(.# .
##....# ######.## ..
##...### #(.# ... ##..#.#
##.## .... #..#..# #.T##
..... #.##.## ##..##..†.()
#.##.# ##......... #....#
###....... #..### .#(....


You could see Snorg (berserk).

Vanquished Creatures
  2 two-headed ogres
  Maurice (D:10)
  Grinder (D:6)
  Prince Ribbit (D:9)
  A troll (D:9)
  A hippogriff (D:10)
  A wyvern (D:7)
  A wraith (D:10)
  Eustachio (D:6)
  2 hungry ghosts
  A steam dragon (D:10)
  A water moccasin (D:6)
  3 orc warriors
  4 sky beasts
  A black bear (D:8)
  3 phantoms
  4 ice beasts
  An ogre (D:9)
  8 centaurs
  A big kobold (D:8)
  6 bullfrogs
  A wyvern skeleton (D:6)
  5 killer bees
  2 howler monkeys
  A bullfrog zombie (D:8)
  A quasit (D:5)
  5 crimson imps
  A gnoll shaman (D:5)
  2 bullfrog skeletons
  3 hounds
  8 orc wizards
  2 orc priests
  4 jellies
  3 iguanas
  8 worker ants
  A hound skeleton (D:4)
  A worker ant zombie (D:9)
  6 adders
  5 gnolls (D:6)
  A howler monkey skeleton (D:4)
  A shadow imp (D:8)
  2 oozes
  2 adder skeletons (D:4)
  4 worms
  3 dart slugs
  5 leopard geckos
  12 orcs
  9 bats
  10 giant cockroaches
  7 goblins
  3 hobgoblins
  4 jackals (D:3)
  3 quokkas
  2 ball pythons
  A ball python skeleton (D:4)
  4 frilled lizards
  A jackal skeleton (D:4)
  7 kobolds
  A leopard gecko zombie (D:8)
  2 quokka skeletons
  4 rats
192 creatures vanquished.

Vanquished Creatures (others)
  An orc wizard (D:4)
1 creature vanquished.

Grand Total: 193 creatures vanquished

Notes
Turn   | Place    | Note
-------+----------+-------------------------------------------
     0 | D:1      | grindst0ne the Gnoll Wanderer began the quest for the Orb.
     0 | D:1      | grindst0ne set off with the following items: a +2 shortbow,
                  | 22 arrows, a potion of curing, a +0 robe, a ration
     0 | D:1      | Reached XP level 1. HP: 23/23 MP: 6/6
   139 | D:1      | Reached XP level 2. HP: 29/29 MP: 7/7
   252 | D:1      | Found a shattered altar of Ashenzari.
   404 | D:1      | Reached XP level 3. HP: 35/35 MP: 9/9
   480 | D:1      | Reached skill level 5 in Spellcasting
   824 | D:2      | Reached skill level 1 in Invocations
   945 | D:2      | Reached skill level 1 in Short Blades
   945 | D:2      | Reached skill level 1 in Long Blades
   945 | D:2      | Reached skill level 1 in Axes
   945 | D:2      | Reached skill level 1 in Maces & Flails
   945 | D:2      | Reached skill level 1 in Polearms
   945 | D:2      | Reached skill level 1 in Staves
   945 | D:2      | Reached skill level 1 in Slings
   945 | D:2      | Reached skill level 1 in Crossbows
   945 | D:2      | Reached skill level 1 in Throwing
   945 | D:2      | Reached skill level 1 in Dodging
   945 | D:2      | Reached skill level 1 in Unarmed Combat
   945 | D:2      | Reached skill level 1 in Evocations
   995 | D:2      | Reached XP level 4. HP: 39/41 MP: 9/11
  1269 | D:2      | Found a snail-covered altar of Cheibriados.
  1302 | D:2      | Became a worshipper of Cheibriados the Contemplative
  1341 | D:2      | Found a bloodstained altar of Trog.
  1578 | D:3      | Reached skill level 1 in Conjurations
  1578 | D:3      | Reached skill level 1 in Hexes
  1578 | D:3      | Reached skill level 1 in Charms
  1578 | D:3      | Reached skill level 1 in Summonings
  1578 | D:3      | Reached skill level 1 in Translocations
  1578 | D:3      | Reached skill level 1 in Transmutations
  1578 | D:3      | Reached skill level 1 in Fire Magic
  1578 | D:3      | Reached skill level 1 in Ice Magic
  1578 | D:3      | Reached skill level 1 in Air Magic
  1578 | D:3      | Reached skill level 1 in Earth Magic
  1578 | D:3      | Reached skill level 1 in Poison Magic
  1746 | D:3      | Reached XP level 5. HP: 11/47 MP: 2/12
  2181 | D:3      | Found a sparkling altar of Nemelex Xobeh.
  2343 | D:3      | Reached * piety under Cheibriados
  2410 | D:3      | Found a white marble altar of Elyvilon.
  2704 | D:4      | Found a staircase to the Ecumenical Temple.
  2745 | D:4      | Found Hidiy's Magic Scroll Emporium.
  2756 | D:4      | Bought a scroll of remove curse for 39 gold pieces
  2756 | D:4      | Bought a scroll of identify for 26 gold pieces
  2756 | D:4      | Bought a scroll of identify for 26 gold pieces
  2756 | D:4      | Bought a scroll of identify for 26 gold pieces
  2756 | D:4      | Bought a scroll of identify for 26 gold pieces
  2764 | D:4      | Bought a scroll of amnesia for 45 gold pieces
  2837 | D:4      | Reached XP level 6. HP: 40/53 MP: 13/13
  3052 | D:4      | Found Duofrip's General Store.
  3059 | D:4      | Bought a potion of curing for 39 gold pieces
  3098 | D:4      | Found a shadowy altar of Dithmenos.
  3105 | D:4      | Found a burning altar of Makhleb.
  3114 | D:4      | Found a shimmering altar of Xom.
  3225 | D:4      | Found Fuuzyd's Gadget Shop.
  3244 | D:4      | Bought a wand of paralysis (4) for 66 gold pieces
  3591 | D:4      | Found a deep blue altar of Sif Muna.
  3778 | D:5      | Entered Level 5 of the Dungeon
  4368 | D:6      | Reached XP level 7. HP: 48/59 MP: 11/15
  4622 | D:6      | Reached ** piety under Cheibriados
  4622 | D:6      | Reached skill level 7 in Fighting
  4898 | D:6      | Noticed Eustachio
  4927 | D:6      | Reached skill level 8 in Fighting
  4927 | D:6      | Reached skill level 5 in Short Blades
  4927 | D:6      | Reached skill level 5 in Long Blades
  4927 | D:6      | Reached skill level 5 in Axes
  4927 | D:6      | Reached skill level 5 in Maces & Flails
  4927 | D:6      | Reached skill level 5 in Polearms
  4927 | D:6      | Reached skill level 5 in Staves
  4927 | D:6      | Reached skill level 5 in Slings
  4927 | D:6      | Reached skill level 5 in Bows
  4927 | D:6      | Reached skill level 5 in Crossbows
  4927 | D:6      | Reached skill level 5 in Throwing
  4927 | D:6      | Reached skill level 5 in Armour
  4927 | D:6      | Reached skill level 5 in Dodging
  4927 | D:6      | Reached skill level 5 in Stealth
  4927 | D:6      | Reached skill level 5 in Shields
  4927 | D:6      | Reached skill level 5 in Unarmed Combat
  4927 | D:6      | Reached skill level 5 in Invocations
  4927 | D:6      | Reached skill level 5 in Evocations
  4927 | D:6      | Reached XP level 8. HP: 18/69 MP: 5/18
  5295 | D:6      | Noticed Grinder
  5323 | D:6      | Killed Grinder
  5323 | D:6      | Reached XP level 9. HP: 47/75 MP: 13/20
  5902 | D:7      | Found an opulent altar of Gozag.
  5902 | D:7      | Found a blossoming altar of Fedhas.
  5903 | D:7      | Found an ornate altar of the Wu Jian Council.
  5912 | D:7      | Found the +4 robe of Augmentation {Str+4 Int+4 Dex+4}
  6213 | D:6      | Killed Eustachio
  6213 | D:6      | Reached skill level 5 in Necromancy
  7166 | D:7      | Found a basalt altar of Yredelemnul.
  7217 | D:7      | Reached *** piety under Cheibriados
  7320 | D:8      | Noticed a two-headed ogre
  7400 | D:7      | Reached XP level 10. HP: 47/82 MP: 12/21
  7703 | D:8      | Killed a two-headed ogre
  7856 | D:8      | Found a blossoming altar of Fedhas.
  7858 | D:8      | Noticed an oklob plant
  7858 | D:8      | Noticed an oklob plant
  8005 | D:8      | Learned a level 1 spell: Animate Skeleton
  8009 | D:8      | Learned a level 3 spell: Regeneration
  8238 | D:9      | Found a staircase to the Orcish Mines.
  8249 | D:9      | Reached skill level 9 in Fighting
  8287 | D:9      | Noticed a two-headed ogre
  8299 | D:9      | Killed a two-headed ogre
  8299 | D:9      | Reached skill level 5 in Conjurations
  8299 | D:9      | Reached skill level 5 in Hexes
  8299 | D:9      | Reached skill level 5 in Charms
  8299 | D:9      | Reached skill level 5 in Summonings
  8299 | D:9      | Reached skill level 5 in Translocations
  8299 | D:9      | Reached skill level 5 in Transmutations
  8299 | D:9      | Reached skill level 5 in Fire Magic
  8299 | D:9      | Reached skill level 5 in Ice Magic
  8299 | D:9      | Reached skill level 5 in Air Magic
  8299 | D:9      | Reached skill level 5 in Earth Magic
  8299 | D:9      | Reached skill level 5 in Poison Magic
  8468 | D:9      | Found Bot Omnu's Jewellery Emporium.
  8525 | D:9      | Found Lang's Gadget Boutique.
  8530 | D:9      | Reached **** piety under Cheibriados
  8645 | D:9      | Noticed Prince Ribbit
  8680 | D:9      | Found a glowing golden altar of the Shining One.
  8687 | D:9      | Killed Prince Ribbit
  9131 | D:9      | Reached XP level 11. HP: 79/89 MP: 16/23
  9396 | D:10     | Entered Level 10 of the Dungeon
  9440 | D:10     | Noticed Maurice
  9471 | D:10     | Killed Maurice
  9871 | D:10     | Got a bloodstained long sword
  9872 | D:10     | Identified the +4 long sword of the Lame Duck {speed, +Inv
                  | Str+6} (You found it on level 10 of the Dungeon)
  9903 | D:10     | Noticed Snorg
  9949 | D:10     | Gained mutation: You are occasionally teleported next to
                  | monsters. [potion of mutation]
  9949 | D:10     | Gained mutation: You have large cloven feet. [potion of
                  | mutation]
  9949 | D:10     | Gained mutation: Scrolls take you a little longer to read.
                  | [potion of mutation]
  9949 | D:10     | Gained mutation: You have a pair of small horns on your
                  | head. [potion of mutation]
  9950 | D:10     | HP: 4/133 [Snorg (12)]
  9950 | D:10     | Slain by Snorg

Skill      XL: |  1  2  3  4  5  6  7  8  9 10 11 |
---------------+----------------------------------+-----
Necromancy     | 2 4 5 |  5.8
Spellcasting   | 5 7 8 |  8.3
Invocations    | 1 2 5 6 7 |  7.1
Short Blades   | 1 2 5 6 |  6.4
Long Blades    | 1 2 5 6 |  6.4
Axes           | 1 2 5 6 |  6.4
Maces & Flails | 1 2 5 6 |  6.4
Polearms       | 1 2 5 6 |  6.4
Staves         | 1 2 5 6 |  6.4
Slings         | 1 2 5 6 |  6.4
Crossbows      | 1 2 5 6 |  6.4
Throwing       | 1 2 5 6 |  6.4
Dodging        | 1 2 5 6 |  6.4
Unarmed Combat | 1 2 5 6 |  6.4
Evocations     | 1 2 5 6 |  6.4
Conjurations   | 1 4 5 |  5.3
Hexes          | 1 4 5 |  5.3
Charms         | 1 4 5 |  5.3
Summonings     | 1 4 5 |  5.3
Translocations | 1 4 5 |  5.3
Transmutations | 1 4 5 |  5.3
Fire Magic     | 1 4 5 |  5.3
Ice Magic      | 1 4 5 |  5.3
Air Magic      | 1 4 5 |  5.3
Earth Magic    | 1 4 5 |  5.3
Poison Magic   | 1 4 5 |  5.3
Bows           | 3 5 6 7 |  7.0
Armour         | 3 5 6 7 |  7.0
Shields        | 3 5 6 7 |  7.0
Stealth        | 3 5 6 |  6.9
Fighting       | 8 9 |  9.3

Action                   |  1- 3 |  4- 6 |  7- 9 | 10-12 || total
-------------------------+-------+-------+-------+-------++-------
Melee: Short sword       |       |    62 |       |    34 ||    96
       Bite              |       |    32 |    43 |    74 ||   149
       Dagger            |       |   159 |   246 |   285 ||   690
       War axe           |       |    13 |       |       ||    13
       Punch             |       |     1 |     7 |    20 ||    28
 Fire: Shortbow          |    81 |    38 |     5 |     5 ||   129
Throw: Tomahawk          |       |    11 |     2 |       ||    13
 Cast: Regeneration      |       |       |       |     5 ||     5
       Animate Skeleton  |       |       |       |     2 ||     2
Invok: Bend Time         |       |       |     2 |       ||     2
       Slouch            |       |       |       |     2 ||     2
       Temporal Distorti |       |       |       |     2 ||     2
Evoke: Wand              |       |       |     4 |    17 ||    21
  Use: Scroll            |       |     8 |     4 |     3 ||    15
       Potion            |       |     3 |     7 |     5 ||    15
 Stab: Invisible         |       |       |     2 |       ||     2
       Paralysed         |       |       |     3 |       ||     3
       Sleeping          |       |       |     2 |     7 ||     9
       Distracted        |       |       |       |     1 ||     1
  Eat: Chunk             |       |     7 |     6 |     5 ||    18
       Ration            |       |       |       |     1 ||     1
Armor: Robe              |     5 |       |    17 |    54 ||    76
       Chain mail        |     8 |   166 |    58 |       ||   232
       Skin              |       |       |       |    27 ||    27
Dodge: Dodged            |    17 |   141 |   154 |   251 ||   563
